 Dungeon Crawl Stone Soup version 0.29-a0-284-gf9362112df (webtiles) character file.

Game seed: 3516158079492898490

182 NotOkHand the Stinger (level 5, -3/40 HPs)
             Began as a Draconian Venom Mage on Mar 17, 2022.
             Was a High Priest of Ignis.
             Slain by an iron imp (4 damage)
             ... on level 4 of the Dungeon.
             The game lasted 00:34:05 (2715 turns).

NotOkHand the Stinger (Draconian Venom Mage)        Turns: 2715, Time: 00:34:05

Health: -3/40      AC:  7    Str: 10    XL:     5   Next: 35%
Magic:  3/9        EV: 12    Int: 17    God:    Ignis [*****.]
Gold:   140        SH:  0    Dex: 12    Spells: 8/9 levels left

rFire   + + .      SeeInvis .   f - +0 whip (drain)
rCold   x . .      Faith    .   (no shield)
rNeg    . . .      Spirit   .   (body armour unavailable)
rPois   .          Reflect  .   (helmet restricted)
rElec   .          Harm     .   h - +0 cloak
rCorr   .          Rampage  .   (no gloves)
Will    .....                   y - +0 pair of boots
Stlth   ++........              (no amulet)
HPRegen 0.13/turn               w - ring of fire
MPRegen 0.11/turn               (no ring)

@: no status effects
A: AC +5, unfitting armour, cold-blooded
a: Renounce Religion, Fiery Armour, Foxfire Swarm, Rising Flame


You were on level 4 of the Dungeon.
You worshipped Ignis.
Ignis was extremely pleased with you.
You visited 1 branch of the dungeon, and saw 4 of its levels.

You collected 140 gold pieces.

Inventory:

Hand Weapons
 c - a +1 short sword
 d - a +0 dagger
 e - a +0 club
 f - a +0 whip of draining (weapon)
 g - a +0 glaive
 l - a +0 spear
 v - a +0 hunting sling
 B - a +0 dagger of distortion
Missiles
 q - 4 boomerangs
 s - 6 poisoned darts
Armour
 h - a +0 cloak (worn)
 r - a +0 leather armour
 y - a +0 pair of boots (worn)
 A - a +0 robe
Magical Staves
 x - a staff of air
Jewellery
 w - a ring of fire (left hand)
Scrolls
 k - a scroll of fog {unknown}
 p - a scroll of magic mapping {unknown}
 t - a scroll of teleportation
 u - a scroll of summoning {unknown}
 z - a scroll of blinking {unknown}
Potions
 a - 2 potions of magic
 b - 2 potions of invisibility {unknown}
 i - a potion of cancellation {unknown}
 j - a potion of flight {unknown}
 m - a potion of attraction
 n - a potion of heal wounds
 o - a potion of curing


   Skills:
 + Level 1.0 Fighting
 + Level 0.4 Short Blades
 + Level 1.5 Maces & Flails
 + Level 2.5 Dodging
 + Level 2.7 Stealth
 + Level 2.7 Spellcasting
 + Level 2.0 Transmutations
 + Level 3.7 Poison Magic


You had 8 spell levels left.
You knew the following spells:

 Your Spells              Type           Power      Damage    Failure   Level
a - Sting                 Tmut/Pois      48%        1d5       5%          1

Your spell library contained the following spells:

 Spells                   Type           Power      Damage    Failure   Level
 Poisonous Vapours        Pois/Air       16%        N/A       13%         2
 Apportation              Tloc           4%         N/A       19%         1
 Freeze                   Ice            8%         1d3       19%         1
 Mephitic Cloud           Conj/Pois/Air  6%         N/A       32%         3
 Olgreb's Toxic Radiance  Pois           14%        N/A       36%         4
 Frozen Ramparts          Ice            4%         1d2       47%         3
 Gell's Gravitas          Tloc           2%         N/A       47%         3
 Teleport Other           Tloc           2%         N/A       47%         3
 Hailstorm                Conj/Ice       2%         3d3       87%         4
 Dispersal                Tloc           1%         N/A       100%        6


Dungeon Overview and Level Annotations

Branches:
Dungeon (4/15)
 Temple: D:4-7

Altars:
Ignis

Portals:
Abyss: D:4

Annotations:
D:4 1 transporter, Cecur's ghost, novice OpEE


Innate Abilities, Weirdness & Mutations

Your plain brown scales are hard. (AC +5)
You cannot fit into any form of body armour.
You are cold-blooded and may be slowed by cold attacks.


Message History

The sting hits the kobold brigand.
The kobold brigand looks even sicker.
The kobold brigand is almost dead.
You barely miss the kobold brigand.
The kobold brigand is almost dead.
You kill the kobold brigand!
Your Fighting skill increases to level 1!
Your Transmutations skill increases to level 2!
You have reached level 5!
Things that are here:
a +0 dagger of distortion; a kobold corpse
B - a +0 dagger of distortion You pick up Lugonu's Reference Book on the Compass and begin reading...
You add the spells Apportation, Gell's Gravitas, Teleport Other and Dispersal to your library.
You hit the iron imp but do no damage. You hit the iron imp.
The iron imp is moderately wounded.
The iron imp closely misses you.
You hit the iron imp.
The iron imp is moderately wounded.
The iron imp hits you.
The small abomination closely misses you.
Casting: Sting (safe; 5% risk of failure)
Confirm with . or Enter, or press ? or * to list all spells.
Aiming: Sting (safe; 5% risk of failure)
Press: ? - help, Shift-Dir - straight line, f - iron imp
Aim: an iron imp (moderately wounded, 79% to hit)
The sting hits the iron imp but does no damage.
The iron imp is poisoned.
The iron imp is moderately wounded.
The iron imp closely misses you. The small abomination hits you!
* * * LOW HITPOINT WARNING * * *
You barely miss the iron imp. You punch the iron imp.
The iron imp is heavily wounded.
The iron imp closely misses you.
You barely miss the iron imp.
The iron imp is heavily wounded.
The small abomination hits you.
* * * LOW HITPOINT WARNING * * *
The iron imp hits you.
You die...

#..#....#.W#.####...#
#..#...##§#.§W§..x.# .
.##.....##..#..#.#.?##...
........#.x###.©§x^.#©...
........##.#..###...## ...#.
.........##..##.###...##..#.
.........##..#....##.#.#....
.####...##.#x###...##..#....
#...#..@#..##..##§##..#.
#...##..5#†.#..#.5#.....
##...####.###..##©#.....
#......####....###.....
###.......##.............
>.........................
.................†.......#.
........#.#........#..#..#.
.......##.#........##......


You could see a small abomination and an iron imp (poisoned).

Vanquished Creatures
  A kobold brigand (D:4)
  A hound (D:4)
  2 adders (D:2)
  An ufetubus (D:4)
  A worm (D:2)
  4 dart slugs
  An orc (D:3)
  5 ball pythons
  4 endoplasms
  2 giant cockroaches
  3 hobgoblins
  7 kobolds
  3 quokkas
  7 bats
  A frilled lizard (D:1)
  5 goblins
  7 rats
55 creatures vanquished.

Notes
Turn   | Place    | Note
-------+----------+-------------------------------------------
     0 | D:1      | NotOkHand the Draconian Venom Mage began the quest for the
                  | Orb.
     0 | D:1      | Reached XP level 1. HP: 14/14 MP: 3/3
   318 | D:1      | Reached XP level 2. HP: 12/20 MP: 1/5
   709 | D:1      | You fall into a shaft and drop 1 floor!
   876 | D:2      | Reached XP level 3. HP: 11/27 MP: 1/6
  1488 | D:2      | Found a faded altar of an unknown god.
  1511 | D:2      | Prayed at the altar of an unknown god.
  1511 | D:2      | Became a worshipper of Ignis, the Dying Flame
  2212 | D:3      | Reached skill level 1 in Maces & Flails
  2246 | D:3      | Reached XP level 4. HP: 34/34 MP: 7/7
  2643 | D:4      | Noticed a small abomination
  2664 | D:4      | Found a transporter.
  2668 | D:4      | Found a one-way gate to the infinite horrors of the Abyss.
  2668 | D:4      | Noticed Cecur's ghost (novice OpEE)
  2669 | D:4      | Found a transporter.
  2671 | D:4      | Noticed a kobold brigand
  2701 | D:4      | Killed a kobold brigand
  2702 | D:4      | Reached skill level 1 in Fighting
  2702 | D:4      | Reached XP level 5. HP: 18/40 MP: 3/9
  2708 | D:4      | Got Lugonu's Reference Book on the Compass
  2715 | D:4      | HP: 1/40 [small abomination (3)]
  2715 | D:4      | Slain by an iron imp

Illustrated notes

Levels and vault maps discovered:
D:1:      dpeg_arrival_tiny_a, layout_rooms
D:2:      layout_basic, hellmonk_ecumenical_altar_pennies_from_heaven
D:3:      layout_basic, nemelex_spade_bored_becter
D:4:      layout_basic, lemuel_round_altar, gammafunk_temple_overflow_statue,
          gammafunk_ghost_abyssal_escape, dreamdust_princess_corridor

Skill      XL: |  1  2  3  4 |
---------------+-------------+-----
Dodging        | 2 |  2.5
Stealth        | 2 |  2.7
Maces & Flails | 1 |  1.5
Fighting       | 1 |  1.0
Transmutations | 2 |  2.0
Short Blades   | |  0.4
Spellcasting   | |  2.7
Poison Magic   | |  3.7

Action                   |  1- 3 |  4- 6 || total
-------------------------+-------+-------++-------
Melee: Short sword       |    14 |       ||    14
       Unarmed           |     2 |       ||     2
       Whip              |    90 |    55 ||   145
       Tailslap          |     6 |     8 ||    14
       Punch             |       |     1 ||     1
 Cast: Sting             |    32 |    10 ||    42
  Use: Scroll            |     4 |     1 ||     5
       Potion            |       |     2 ||     2
 Stab: Sleeping          |     2 |     1 ||     3
Armor: Skin              |    55 |    25 ||    80
Dodge: Dodged            |   116 |    50 ||   166

Table legend: (Time is in decaauts)
 A = Elapsed time spent in this place.
 B = Non-inter-level travel time spent in this place.
 C = Inter-level travel time spent in this place.
 D = Time resting spent in this place.
 E = Time spent auto-exploring this place.
 F = Levels seen in this place.
 G = Mean time per level.
                   A        B        C        D        E       F      G
               +--------+--------+--------+--------+--------+-----+--------+
         Total |   2728 |   1496 |   1232 |      0 |      0 |   4 |  682.0 |
       Dungeon |   2728 |   1496 |   1232 |      0 |      0 |   4 |  682.0 |
               +--------+--------+--------+--------+--------+-----+--------+

Top non-repeatable levels by time:
     D:2: 1306 daAuts
     D:1: 892 daAuts
     D:3: 409 daAuts
     D:4: 120 daAuts
